[Event "International chess holiday K11"]
[Site "?"]
[Date "2017.07.21"]
[Round "9"]
[White "Rull, Michael"]
[Black "Hibberd, Nigel"]
[Result "0-1"]
[ECO "D00"]
[WhiteElo "1805"]
[BlackElo "1866"]
[Annotator "Koller,Martin"]
[PlyCount "63"]
[TimeControl "240+2"]

{279MB} 1. d4 d5 2. Bf4 Nf6 3. e3 e6 4. Nd2 Bd6 5. Bg3 Nbd7 6. Ngf3 b6 7. Bd3
Bb7 8. Qe2 Ne4 9. Ne5 Nxg3 10. hxg3 Nxe5 11. dxe5 Bxe5 12. O-O-O Qf6 13. c3 h6
14. f4 Bd6 15. e4 dxe4 16. Bb5+ Ke7 17. Nxe4 Qf5 18. Bd3 Qa5 19. b4 Qa3+ 20.
Kb1 Rad8 21. Qb2 Qxb2+ 22. Kxb2 f5 23. Nxd6 Rxd6 24. Rd2 Rhd8 25. Rhd1 Bxg2 26.
Rxg2 Rxd3 27. Rxd3 Rxd3 28. g4 fxg4 29. Rxg4 Kf6 30. Kc2 Rf3 31. f5 Kxf5 32.
Rc4 neèitelné 0-1

[Event "International chess holiday K11"]
[Site "?"]
[Date "2017.07.21"]
[Round "9"]
[White "Pokorny, Jan"]
[Black "Klima, Matej"]
[Result "1/2-1/2"]
[ECO "A84"]
[WhiteElo "1835"]
[BlackElo "1874"]
[Annotator "Koller,Martin"]
[PlyCount "33"]
[TimeControl "240+2"]

{279MB} 1. c4 f5 2. d4 e6 3. Nc3 Bb4 4. Bd2 Nf6 5. a3 Bxc3 6. Bxc3 O-O 7. Nf3
d6 8. e3 b6 9. Be2 Bb7 10. O-O Nbd7 11. b4 Ne4 12. Rc1 Qe8 13. Ne1 Ndf6 14. f3
Nxc3 15. Rxc3 a5 16. Qb1 axb4 17. axb4 1/2-1/2

[Event "International chess holiday K11"]
[Site "?"]
[Date "2017.07.21"]
[Round "9"]
[White "Schafer, Martin"]
[Black "Riedl, Maximilian"]
[Result "0-1"]
[ECO "E16"]
[WhiteElo "2001"]
[BlackElo "1988"]
[Annotator "Koller,Martin"]
[PlyCount "161"]
[TimeControl "240+2"]

{279MB} 1. d4 Nf6 2. c4 e6 3. Nf3 Bb4+ 4. Bd2 Bxd2+ 5. Qxd2 b6 6. g3 Bb7 7. Bg2
O-O 8. O-O Ne4 9. Qc2 Na6 10. a3 d5 11. b4 c6 12. Rc1 b5 13. c5 Nb8 14. a4 bxa4
15. Qxa4 a6 16. Nbd2 f5 17. Nb3 Ra7 18. Ne5 Qc8 19. Na5 Ng5 20. h4 Nf7 21. Nd3
Ba8 22. f3 Qc7 23. Kh2 e5 24. dxe5 Nxe5 25. Nf4 Rf6 26. Qc2 Qf7 27. Bh3 h6 28.
h5 Re7 29. Nb3 Bb7 30. Nd4 Bc8 31. Kg2 g5 32. hxg6 Nxg6 33. Qd2 h5 34. Kf2 Ne5
35. e4 dxe4 36. fxe4 fxe4 37. Bxc8 e3+ 38. Qxe3 Ng4+ 39. Bxg4 Rxe3 40. Kxe3
hxg4 41. Rd1 Qc4 42. Rac1 Qf7 43. Nde2 Qe7+ 44. Kf2 Nd7 45. Rd4 Nf8 46. Rcd1
Rh6 47. Ng2 Rg6 48. Nef4 Rf6 49. Re1 Qh7 50. Nh4 Qc2+ 51. Re2 Qc3 52. Rde4 a5
53. R2e3 Qb2+ 54. Re2 Qa3 55. R2e3 Qa4 56. Kg2 axb4 57. Nh5 Rf7 58. Rxg4+ Kh7
59. Kh3 Qd1 60. Rg5 Qf1+ 61. Kg4 b3 62. Nf4 Qd1+ 63. Nf3 Qd7+ 64. Kh4 Rxf4+ 65.
gxf4 b2 66. Rh5+ Kg8 67. Rg5+ Kh8 68. Rh5+ Nh7 69. Rb3 Qe7+ 70. Ng5 Qe1+ 71.
Kg4 Qd1+ 72. Rf3 b1=Q 73. Nxh7 Qxf3+ 74. Kxf3 Qd1+ 75. Ke3 Qxh5 76. Ng5 Kg7 77.
Ne6+ Kf6 78. Ng5 Qd1 79. Ne4+ Ke7 80. f5 Qd5 81. Kf4 0-1

[Event "International chess holiday M21"]
[Site "?"]
[Date "2017.07.23"]
[Round "1"]
[White "Kasparov, Sergey"]
[Black "Houska, Jiri"]
[Result "1/2-1/2"]
[ECO "B55"]
[WhiteElo "2474"]
[BlackElo "2191"]
[Annotator "Koller,Martin"]
[PlyCount "122"]
[TimeControl "240+2"]

{279MB} 1. e4 c5 2. Nf3 d6 3. d4 cxd4 4. Nxd4 Nf6 5. f3 e5 6. Nb3 Be7 7. c4 O-O
8. Be3 a5 9. Nc3 a4 10. Nc1 Qa5 11. Qd2 Be6 12. Bd3 Rc8 13. Nd5 Qxd2+ 14. Kxd2
Nxd5 15. cxd5 Bd7 16. Ne2 Bd8 17. Rhc1 Ba5+ 18. Kd1 Na6 19. Rxc8+ Rxc8 20. Rc1
Rxc1+ 21. Nxc1 Kf8 22. a3 Ke7 23. Kc2 Nc5 24. Be2 h6 25. Nd3 Nxd3 26. Bxd3 Kd8
27. g3 Kc7 28. f4 f6 29. f5 Bb6 30. Bd2 Bg1 31. h3 Bf2 32. g4 Kb6 33. Kd1 Bd4
34. Bc1 Bf2 35. Ke2 Bg3 36. Be3+ Kc7 37. Kd1 Bh4 38. Kc2 Be1 39. Kd1 Bh4 40.
Bd2 Bf2 41. Kc2 Kb6 42. Bc4 Kc7 43. Kd1 Bd4 44. Bc1 Bf2 45. Ke2 Bg3 46. Bd2 Kb6
47. Bb4 Kc7 48. Ba5+ b6 49. Bd2 Kb7 50. Be3 Bh4 51. Kd1 Bg3 52. Kc2 Be1 53. b3
b5 54. Bd3 b4 55. axb4 Bxb4 56. h4 axb3+ 57. Kxb3 Be1 58. g5 Bxh4 59. gxh6 gxh6
60. Bxh6 Be1 61. Be2 Kc7 neèitelné 1/2-1/2

[Event "International chess holiday M21"]
[Site "?"]
[Date "2017.07.23"]
[Round "1"]
[White "Hentzgen, Thomas"]
[Black "Hartwig, Mark"]
[Result "1/2-1/2"]
[ECO "B74"]
[WhiteElo "2015"]
[BlackElo "2097"]
[Annotator "Koller,Martin"]
[PlyCount "20"]
[TimeControl "240+2"]

{279MB} 1. e4 c5 2. Nf3 Nc6 3. d4 cxd4 4. Nxd4 Nf6 5. Nc3 d6 6. Be2 g6 7. O-O
Bg7 8. Be3 O-O 9. Nb3 Bd7 10. f4 a6 1/2-1/2

[Event "International chess holiday M21"]
[Site "?"]
[Date "2017.07.23"]
[Round "1"]
[White "Lokander, Martin"]
[Black "Malinarski, Yehuda"]
[Result "1-0"]
[ECO "E92"]
[WhiteElo "2329"]
[BlackElo "2071"]
[Annotator "Koller,Martin"]
[PlyCount "43"]
[TimeControl "240+2"]

{279MB} 1. Nf3 Nf6 2. c4 g6 3. Nc3 d6 4. e4 Bg7 5. d4 O-O 6. Be2 e5 7. d5 a5 8.
Bg5 h6 9. Be3 Na6 10. Nd2 Nd7 11. a3 f5 12. f3 Nf6 13. b4 axb4 14. axb4 Bd7 15.
Qb1 f4 16. Bf2 g5 17. c5 Qe7 18. c6 bxc6 19. dxc6 d5 20. Rxa6 Rxa6 21. Bxa6
Bxc6 22. Bc5 1-0

[Event "International chess holiday M21"]
[Site "?"]
[Date "2017.07.23"]
[Round "1"]
[White "Thomasson, Staffan"]
[Black "Vojta, Tomas"]
[Result "0-1"]
[ECO "A25"]
[WhiteElo "1921"]
[BlackElo "2367"]
[Annotator "Koller,Martin"]
[PlyCount "74"]
[TimeControl "240+2"]

{279MB} 1. c4 Nc6 2. g3 e5 3. Bg2 g6 4. Nc3 Bg7 5. d3 d6 6. Rb1 f5 7. e3 Nf6 8.
Nge2 O-O 9. b4 Ne7 10. Qb3 Kh8 11. O-O g5 12. f4 h6 13. b5 Qe8 14. a4 Rb8 15.
a5 Be6 16. Nd5 Nfxd5 17. cxd5 Bg8 18. Ba3 b6 19. Rfc1 Rc8 20. axb6 axb6 21. Rc2
exf4 22. exf4 Ng6 23. Bc1 Qe7 24. Qc4 Rfe8 25. Nd4 Qe1+ 26. Bf1 gxf4 27. Nf3
Qe7 28. gxf4 Qf7 29. Rg2 Kh7 30. Bb2 Bxb2 31. Rbxb2 Qxd5 32. Nd4 Qxg2+ 33. Bxg2
Bxc4 34. dxc4 Nxf4 35. Bc6 Re1+ 36. Kf2 Nd3+ 37. Kf3 Nxb2 0-1

[Event "International chess holiday M21"]
[Site "?"]
[Date "2017.07.23"]
[Round "1"]
[White "Hogeman, Joel"]
[Black "Dock, Lars"]
[Result "1/2-1/2"]
[ECO "A02"]
[WhiteElo "2091"]
[BlackElo "2027"]
[Annotator "Koller,Martin"]
[PlyCount "37"]
[TimeControl "240+2"]

{279MB} 1. f4 Nf6 2. Nf3 g6 3. g3 Bg7 4. Bg2 d6 5. O-O Nbd7 6. d3 c6 7. Nc3
Qb6+ 8. e3 e5 9. Kh1 O-O 10. e4 Ng4 11. Qe1 f6 12. Rb1 Qc7 13. h3 Nh6 14. g4
Nb6 15. f5 Bd7 16. Qg3 Nf7 17. h4 d5 18. Bh3 Qc8 19. Kh2 1/2-1/2

[Event "International chess holiday K21"]
[Site "?"]
[Date "2017.07.23"]
[Round "1"]
[White "Kasparova, Tatiana"]
[Black "Rull, Michael"]
[Result "1-0"]
[ECO "B51"]
[WhiteElo "2190"]
[BlackElo "1805"]
[Annotator "Koller,Martin"]
[PlyCount "31"]
[TimeControl "240+2"]

{279MB} 1. e4 c5 2. Nf3 Nc6 3. Bb5 d6 4. Bxc6+ bxc6 5. O-O Nf6 6. e5 dxe5 7.
Nxe5 g6 8. Re1 Bg7 9. Nxc6 Qd6 10. Ne5 O-O 11. Nc3 Rd8 12. d3 Ba6 13. Qe2 c4
14. Nxc4 Bxc4 15. dxc4 Rac8 16. Bg5 1-0

[Event "International chess holiday K21"]
[Site "?"]
[Date "2017.07.23"]
[Round "1"]
[White "Vojta, Jakub"]
[Black "Schoenmakers, Nico"]
[Result "1-0"]
[ECO "B55"]
[WhiteElo "1945"]
[BlackElo "1808"]
[Annotator "Koller,Martin"]
[PlyCount "127"]
[TimeControl "240+2"]

{279MB} 1. e4 c5 2. Nf3 d6 3. d4 cxd4 4. Nxd4 Nf6 5. f3 a6 6. c4 Qb6 7. Nc3 Bd7
8. Qd3 Nc6 9. Be3 Ne5 10. Qd2 Qc7 11. Rc1 e6 12. Be2 Be7 13. b3 O-O 14. O-O Nc6
15. Nc2 Rfe8 16. Rfd1 Rad8 17. Na4 Qb8 18. Bb6 Rc8 19. Kh1 Ne5 20. Nc3 Bc6 21.
Bf1 Nfd7 22. Be3 Qa8 23. Qf2 Qb8 24. Nd4 Qc7 25. b4 b6 26. Nb3 Qb8 27. c5 b5
28. cxd6 Bd8 29. Nc5 Qa8 30. a4 Nxc5 31. Bxc5 bxa4 32. Ra1 Nd7 33. Nxa4 Bf6 34.
Bd4 Rb8 35. Bxf6 Nxf6 36. Nc5 Rxb4 37. Nxa6 Ra4 38. Rxa4 Bxa4 39. Ra1 Bd7 40.
Rc1 Rd8 41. Qb6 Ne8 42. e5 g6 43. Bd3 Ng7 44. Be4 Rc8 45. Rc7 Rxc7 46. dxc7 Qc8
47. Qb8 Qf8 48. Bb7 Ne8 49. c8=Q Bxc8 50. Qxc8 Qa3 51. g3 Qa1+ 52. Kg2 Qd1 53.
Qxe8+ Kg7 54. Qe7 Qe2+ 55. Kh3 Qf1+ 56. Kh4 Qg2 57. h3 h6 58. Qf6+ Kg8 59. Kg4
Qb2 60. Be4 Qd2 61. Nc7 h5+ 62. Kh4 Qh2 63. Ne8 Qd2 64. Qg7# 1-0

[Event "International chess holiday K21"]
[Site "?"]
[Date "2017.07.23"]
[Round "1"]
[White "Vlkova, Anezka"]
[Black "Ekberg, Karl"]
[Result "1-0"]
[ECO "B12"]
[WhiteElo "1828"]
[BlackElo "1848"]
[Annotator "Koller,Martin"]
[PlyCount "43"]
[TimeControl "240+2"]

{279MB} 1. e4 c6 2. d4 d5 3. f3 dxe4 4. fxe4 e5 5. Nf3 exd4 6. Bc4 h6 7. O-O
Be6 8. Bxe6 fxe6 9. Ne5 Nf6 10. Ng6 Rg8 11. e5 Bc5 12. exf6 gxf6 13. Nf4 Qc7
14. Qh5+ Kd7 15. Nd3 Na6 16. Nd2 Rg5 17. Qh3 Rag8 18. Ne4 Rg4 19. Nxf6+ Kc8 20.
Nxg4 h5 21. Nge5 Qg7 22. Rf7 1-0

[Event "International chess holiday K21"]
[Site "?"]
[Date "2017.07.23"]
[Round "1"]
[White "Spindler, Markus"]
[Black "Zacek, Petr"]
[Result "1-0"]
[ECO "C42"]
[WhiteElo "1979"]
[BlackElo "1939"]
[Annotator "Koller,Martin"]
[PlyCount "83"]
[TimeControl "240+2"]

{279MB} 1. e4 e5 2. Nf3 Nf6 3. Nxe5 d6 4. Nf3 Nxe4 5. d4 d5 6. Bd3 Nc6 7. Qe2
Qe7 8. c3 Nf6 9. Be3 Bg4 10. Nbd2 O-O-O 11. h3 Bd7 12. O-O h6 13. b4 g5 14. b5
Na5 15. Ne5 Be6 16. Nb3 Nc4 17. Bxc4 dxc4 18. Nc5 Bd5 19. a4 Qe8 20. Nxc4 Bxc5
21. dxc5 Qe4 22. Nd6+ cxd6 23. f3 Qe6 24. Qf2 dxc5 25. Bxc5 b6 26. Rfe1 Qf5 27.
Be7 Rd7 28. a5 Rb7 29. axb6 axb6 30. Ra8+ Rb8 31. Rxb8+ Kxb8 32. Qxb6+ Kc8 33.
Qxf6 Qxf6 34. Bxf6 Rg8 35. Kf2 Kb7 36. Bd4 Be6 37. Ra1 Bc4 38. b6 Re8 39. Ra7+
Kb8 40. Rc7 Rc8 41. Re7 Bd5 42. Be5+ 1-0

[Event "International chess holiday K21"]
[Site "?"]
[Date "2017.07.23"]
[Round "1"]
[White "Sittinger, Lutz"]
[Black "Morling, Joakim"]
[Result "1-0"]
[ECO "D07"]
[WhiteElo "1867"]
[BlackElo "2000"]
[Annotator "Koller,Martin"]
[PlyCount "73"]
[TimeControl "240+2"]

{279MB} 1. d4 d5 2. c4 Nc6 3. Nc3 dxc4 4. e3 e5 5. d5 Nce7 6. Bxc4 a6 7. Nf3
Ng6 8. h3 f5 9. e4 f4 10. Bd2 Nh6 11. a3 Bd6 12. Qe2 O-O 13. O-O-O Kh8 14. g3
b5 15. Ba2 Bd7 16. g4 Nf7 17. Rdg1 Nh4 18. Nxh4 Qxh4 19. f3 Qe7 20. h4 Bxa3 21.
bxa3 Qxa3+ 22. Kc2 b4 23. Ra1 bxc3 24. Bxc3 Qc5 25. Rhc1 Bb5 26. Qe1 Nd6 27.
Kd1 Nc4 28. Bb3 Ne3+ 29. Kd2 Nf1+ 30. Kd1 Qg1 31. Bxe5 Qg2 32. Rxc7 Qxf3+ 33.
Kc2 Ne3+ 34. Kb2 Rg8 35. Qc3 Qxg4 36. d6 Rab8 37. Ka3 1-0

[Event "International chess holiday K22"]
[Site "?"]
[Date "2017.07.23"]
[Round "1"]
[White "Pribyl, Jaroslav"]
[Black "Sedlak, Ludek"]
[Result "0-1"]
[ECO "E92"]
[WhiteElo "1951"]
[BlackElo "1935"]
[Annotator "Koller,Martin"]
[PlyCount "108"]
[TimeControl "240+2"]

{279MB} 1. d4 Nf6 2. c4 g6 3. Nc3 Bg7 4. e4 d6 5. Nf3 O-O 6. Be2 e5 7. dxe5
dxe5 8. Qxd8 Rxd8 9. Bg5 Re8 10. Nd5 Nxd5 11. cxd5 c6 12. Bc4 b5 13. Bb3 Bb7
14. O-O-O c5 15. Nd2 Nd7 16. g4 Rac8 17. h4 c4 18. Bc2 a5 19. Nb1 h6 20. Bd2 b4
21. Ba4 Red8 22. Bxd7 Rxd7 23. Be3 Bf8 24. a3 c3 25. bxc3 bxa3 26. Rd2 Ba6 27.
Ra2 Bd3 28. f3 Bxb1 29. Kxb1 Rxc3 30. Bd2 Rb7+ 31. Ka1 Rxf3 32. Bxa5 Rf4 33.
Rc2 Rxe4 34. Rd1 Rxg4 35. Bc7 a2 36. d6 Rb1+ 37. Rxb1 axb1=Q+ 38. Kxb1 Rd4 39.
d7 Rxd7 40. Bxe5 Bg7 41. Rc8+ Kh7 42. Bb8 h5 43. Rc7 Rxc7 44. Bxc7 Bf6 45. Bg3
g5 46. hxg5 Bxg5 47. Kc2 Kg6 48. Kd3 Kf5 49. Ke2 Kg4 50. Bc7 Bf4 51. Bd8 Kg3
52. Kf1 Be3 53. Bc7+ Kf3 54. Bd8 Bf2 0-1

[Event "International chess holiday K22"]
[Site "?"]
[Date "2017.07.23"]
[Round "1"]
[White "Sniegon, Adam"]
[Black "Michalek, Frantisek"]
[Result "0-1"]
[ECO "D03"]
[WhiteElo "1740"]
[BlackElo "2065"]
[Annotator "Koller,Martin"]
[PlyCount "60"]
[TimeControl "240+2"]

{279MB} 1. d4 Nf6 2. Bg5 d5 3. Nf3 h6 4. Bxf6 exf6 5. e3 c6 6. c4 Be6 7. cxd5
Bxd5 8. Be2 Bb4+ 9. Nc3 O-O 10. O-O Re8 11. Nxd5 Qxd5 12. Qa4 Bf8 13. Bc4 Qd7
14. Qc2 b5 15. Bd3 Na6 16. a3 c5 17. dxc5 Nxc5 18. Rfd1 Qb7 19. b4 Nxd3 20.
Rxd3 a5 21. bxa5 Rxa5 22. Qb2 Rea8 23. Nd4 b4 24. Nc2 Qe4 25. Rad1 bxa3 26. Qa2
Qe6 27. Rd5 Rxd5 28. Rxd5 Rc8 29. Ne1 Rc1 30. Qd2 Rxe1+ 0-1

[Event "International chess holiday K22"]
[Site "?"]
[Date "2017.07.23"]
[Round "1"]
[White "Vorisek, Jakub"]
[Black "Trebbin, Wolfhard"]
[Result "1/2-1/2"]
[ECO "B41"]
[WhiteElo "1883"]
[BlackElo "1947"]
[Annotator "Koller,Martin"]
[PlyCount "61"]
[TimeControl "240+2"]

{279MB} 1. e4 c5 2. Nf3 e6 3. d4 cxd4 4. Nxd4 a6 5. c4 Nf6 6. Nc3 Qc7 7. Nc2
Nc6 8. Be2 Ne5 9. Bf4 d6 10. Ne3 Bd7 11. Rc1 Rc8 12. O-O Be7 13. Bg3 Qd8 14. f4
Nc6 15. Bf2 O-O 16. Bf3 Rb8 17. Qe2 b5 18. b3 Ne8 19. Rfd1 f6 20. cxb5 axb5 21.
Nc2 f5 22. exf5 Rxf5 23. Nd4 Nxd4 24. Bxd4 b4 25. Ne4 Rd5 26. Nf2 Ra5 27. Nd3
d5 28. Ne5 Rba8 29. Rc2 Nd6 30. Qf2 R5a6 31. Be2 1/2-1/2

[Event "International chess holiday K22"]
[Site "?"]
[Date "2017.07.23"]
[Round "1"]
[White "Reichmann, Steffen"]
[Black "Kovar, Jan"]
[Result "1-0"]
[ECO "C00"]
[WhiteElo "1968"]
[BlackElo "1870"]
[Annotator "Koller,Martin"]
[PlyCount "51"]
[TimeControl "240+2"]

{279MB} 1. e4 e6 2. Nf3 d5 3. e5 c5 4. b4 cxb4 5. a3 d4 6. Bb2 Nc6 7. Bb5 Bd7
8. Qe2 Nge7 9. Nxd4 a6 10. Bc4 Nxd4 11. Bxd4 Nf5 12. Bb2 Bc6 13. axb4 Bxg2 14.
Rg1 Nh4 15. Ra3 Bc6 16. Rb3 b5 17. Rd3 Qc7 18. Bxe6 Nf3+ 19. Rxf3 Bxf3 20. Qxf3
Ra7 21. Bb3 Qe7 22. Rg4 f5 23. Qxf5 g6 24. Qc8+ Qd8 25. Qxd8+ Kxd8 26. e6 1-0

[Event "International chess holiday K22"]
[Site "?"]
[Date "2017.07.23"]
[Round "1"]
[White "Hammermann, Christian"]
[Black "Philipp, Mathias"]
[Result "0-1"]
[ECO "C54"]
[WhiteElo "1836"]
[BlackElo "1982"]
[Annotator "Koller,Martin"]
[PlyCount "76"]
[TimeControl "240+2"]

{279MB} 1. e4 e5 2. Nf3 Nc6 3. Bc4 Bc5 4. c3 Nf6 5. d3 d6 6. h3 h6 7. Bb3 a6 8.
Nbd2 Be6 9. Bc2 d5 10. Qe2 d4 11. O-O Qd7 12. b4 Ba7 13. cxd4 Bxd4 14. Nxd4
Qxd4 15. Nb3 Bxb3 16. Be3 Qxb4 17. Bxb3 Nd4 18. Qb2 Qd6 19. Bd1 O-O 20. f4 Rfd8
21. fxe5 Qxe5 22. Rb1 c5 23. Bxd4 cxd4 24. Rf3 Qd6 25. Bb3 Rac8 26. Re1 Rc5 27.
Ref1 b5 28. Qd2 Rd7 29. Rxf6 gxf6 30. Qxh6 Rg5 31. h4 Rg7 32. Rf3 a5 33. Kf2 a4
34. Bd5 Rc7 35. Kf1 Qh2 36. Rf2 Qh1+ 37. Ke2 Rc2+ 38. Kf3 Qd1+ 0-1

[Event "International chess holiday M21"]
[Site "?"]
[Date "2017.07.23"]
[Round "2"]
[White "Kasparov, Sergey"]
[Black "Hentzgen, Thomas"]
[Result "1-0"]
[ECO "B06"]
[WhiteElo "2474"]
[BlackElo "2015"]
[Annotator "Koller,Martin"]
[PlyCount "73"]
[TimeControl "240+2"]

{279MB} 1. e4 g6 2. d4 Bg7 3. Nc3 d5 4. exd5 Nf6 5. Bc4 Nbd7 6. Nf3 O-O 7. O-O
Nb6 8. Bb3 a5 9. a3 a4 10. Ba2 Nbxd5 11. Nxd5 Nxd5 12. Re1 c6 13. Bg5 Bf6 14.
Bh6 Bg7 15. Bxg7 Kxg7 16. Qd2 e6 17. Rad1 Qf6 18. c4 Ne7 19. Ne5 Nf5 20. f4 h5
21. Bb1 Rd8 22. Qc3 Bd7 23. Bxf5 exf5 24. d5 cxd5 25. cxd5 Bb5 26. Qc5 Be8 27.
d6 Rac8 28. Qb4 Bc6 29. d7 Rc7 30. Rd6 Qh4 31. g3 Qh3 32. Rxg6+ Kh7 33. Rxc6
Rxc6 34. Qe7 Rg8 35. Qxf7+ Rg7 36. Qxg7+ Kxg7 37. Nxc6 1-0

[Event "International chess holiday M21"]
[Site "?"]
[Date "2017.07.23"]
[Round "2"]
[White "Dock, Lars"]
[Black "Thomasson, Staffan"]
[Result "1/2-1/2"]
[ECO "D01"]
[WhiteElo "2027"]
[BlackElo "1921"]
[Annotator "Koller,Martin"]
[PlyCount "38"]
[TimeControl "240+2"]

{279MB} 1. d4 Nf6 2. Nc3 d5 3. Bg5 Bf5 4. e3 e6 5. Bd3 Bxd3 6. Qxd3 c6 7. Nf3
Be7 8. O-O Nbd7 9. Rfd1 h6 10. Bh4 O-O 11. e4 Nxe4 12. Bxe7 Qxe7 13. Nxe4 dxe4
14. Qxe4 Nf6 15. Qe2 Rfd8 16. Rd2 c5 17. Rad1 cxd4 18. Nxd4 Rd7 19. Nb3 Rad8
1/2-1/2

[Event "International chess holiday M21"]
[Site "?"]
[Date "2017.07.23"]
[Round "2"]
[White "Malinarski, Yehuda"]
[Black "Hageman, Joel"]
[Result "0-1"]
[ECO "C02"]
[WhiteElo "2081"]
[BlackElo "2091"]
[Annotator "Koller,Martin"]
[PlyCount "70"]
[TimeControl "240+2"]

{279MB} 1. e4 e6 2. d4 d5 3. e5 c5 4. c3 Qb6 5. Nf3 Nc6 6. a3 c4 7. Nbd2 Na5 8.
Be2 Bd7 9. O-O Ne7 10. h4 h6 11. g3 O-O-O 12. Rb1 Kb8 13. Kg2 f5 14. exf6 gxf6
15. Re1 Nf5 16. Nf1 Bd6 17. Ne3 Nxe3+ 18. Bxe3 Rdg8 19. Nh2 Qd8 20. f4 e5 21.
Rf1 Qc7 22. fxe5 fxe5 23. Ng4 Bxg4 24. Bxg4 e4 25. Rf6 Bxg3 26. Bxh6 Qe7 27.
Bg5 Bxh4 28. Bf4+ Ka8 29. Rf5 Qg7 30. Be5 Qxg4+ 31. Qxg4 Rxg4+ 32. Kh3 Rhg8 33.
Rbf1 Be7 34. Bf6 Rg3+ 35. Kh2 R3g6 0-1

[Event "International chess holiday M21"]
[Site "?"]
[Date "2017.07.23"]
[Round "2"]
[White "Hartwig, Mark"]
[Black "Lokander, Martin"]
[Result "1/2-1/2"]
[ECO "A00"]
[WhiteElo "2097"]
[BlackElo "2329"]
[Annotator "Koller,Martin"]
[PlyCount "119"]
[TimeControl "240+2"]

{279MB} 1. g3 e5 2. Bg2 d5 3. d3 c6 4. Nd2 Nf6 5. e3 Bc5 6. h3 a5 7. Ne2 a4 8.
O-O O-O 9. Kh2 Re8 10. d4 exd4 11. Nxd4 Nbd7 12. c4 Ne5 13. cxd5 cxd5 14. N2f3
Ng6 15. Qc2 b6 16. a3 Ba6 17. Rd1 Qd7 18. Bf1 Bxf1 19. Rxf1 Ne4 20. Qe2 Ne5 21.
Nxe5 Rxe5 22. Qb5 Qc8 23. Qc6 Bxd4 24. Qxc8+ Rxc8 25. exd4 Re6 26. Be3 Rc2 27.
Rfc1 Rec6 28. Kg2 h5 29. Rxc2 Rxc2 30. Rb1 Kf8 31. Kf1 Nd6 32. b3 axb3 33. Rxb3
Nc4 34. Rb5 Rc3 35. Bf4 h4 36. Rxd5 hxg3 37. fxg3 Rxa3 38. Kf2 Ke7 39. Rb5 Ke6
40. d5+ Kf5 41. Rb4 Rc3 42. Ke2 g5 43. Bc7 f6 44. g4+ Kg6 45. d6 Ne5 46. Re4
Rc2+ 47. Kd1 Rc3 48. Ke2 Rc2+ 49. Kd1 Rc5 50. Bxb6 Rd5+ 51. Rd4 Rxd4+ 52. Bxd4
Nd7 53. Bf2 Kf7 54. h4 gxh4 55. Bxh4 Ke6 56. Bxf6 Nxf6 57. g5 Nd7 58. g6 Kf6
59. Kd2 Kxg6 60. Kd3 1/2-1/2

[Event "International chess holiday M21"]
[Site "?"]
[Date "2017.07.23"]
[Round "2"]
[White "Houska, Jiri"]
[Black "Vojta, Tomas"]
[Result "1/2-1/2"]
[ECO "D07"]
[WhiteElo "2191"]
[BlackElo "2367"]
[Annotator "Koller,Martin"]
[PlyCount "62"]
[TimeControl "240+2"]

{279MB} 1. d4 d5 2. c4 Nc6 3. Nc3 Nf6 4. Nf3 dxc4 5. e4 Bg4 6. Be3 e6 7. Bxc4
Bb4 8. Qc2 a6 9. Rd1 O-O 10. Be2 Qe7 11. O-O h6 12. e5 Nd7 13. Ne4 Bf5 14. a3
Ba5 15. Bd3 Rfd8 16. Nc5 Bxd3 17. Rxd3 Rab8 18. Nxb7 Rxb7 19. Qxc6 Rxb2 20.
Qxa6 Bb6 21. Qc4 Ba5 22. d5 Nb6 23. Bxb6 Bxb6 24. dxe6 fxe6 25. Rxd8+ Qxd8 26.
Qxe6+ Kh8 27. g3 Qf8 28. Qg4 Re2 29. a4 neèitelné 1/2-1/2

[Event "International chess holiday K21"]
[Site "?"]
[Date "2017.07.23"]
[Round "2"]
[White "Ekberg, Karl"]
[Black "Spindler , Markus"]
[Result "0-1"]
[ECO "A85"]
[WhiteElo "1848"]
[BlackElo "1979"]
[Annotator "Koller,Martin"]
[PlyCount "139"]
[TimeControl "240+2"]

{279MB} 1. d4 f5 2. Bg5 g6 3. c4 Bg7 4. e3 Nf6 5. Nc3 c6 6. Nf3 d5 7. Be2 Nbd7
8. O-O O-O 9. cxd5 cxd5 10. Rc1 a6 11. b4 Qe8 12. Qb3 e6 13. b5 Ne4 14. Nxe4
fxe4 15. Nd2 Rf5 16. Bf4 Bxd4 17. exd4 Rxf4 18. b6 Rf7 19. Rc7 Nf6 20. Rxf7
Qxf7 21. Rc1 Bd7 22. Rc7 Rb8 23. Qc3 Ne8 24. Rc5 Nd6 25. Qg3 Rf8 26. f3 Nf5 27.
Qe5 Ne7 28. Nb3 Nc6 29. Qc7 Be8 30. Qxf7+ Rxf7 31. fxe4 dxe4 32. Bc4 Rf6 33. d5
exd5 34. Bxd5+ Kg7 35. Bxe4 Rd6 36. Rd5 Re6 37. Bf3 Nb4 38. Rd2 Rxb6 39. Na5
Nc6 40. Nc4 Rb4 41. Nd6 Bd7 42. Ne4 Ne5 43. Kf2 Bf5 44. Nd6 Nxf3 45. Kxf3 Bg4+
46. Ke3 Be6 47. Ne4 Bf5 48. Nc5 Rb5 49. Kd4 Kf6 50. Re2 a5 51. a3 b6 52. Na4
Rb3 53. Re3 Rxe3 54. Kxe3 b5 55. Nc3 Bd7 56. g3 Ke5 57. Nd1 b4 58. axb4 axb4
59. Nb2 Bb5 60. Nd1 Kd5 61. Nb2 b3 62. h3 Kc5 63. h4 Kb4 64. Kd2 Ka3 65. Kc1
Be2 66. Kb1 Kb4 67. Kc1 h5 68. Kd2 Ka3 69. Kc1 Kb4 70. Kd2 0-1

[Event "International chess holiday K21"]
[Site "?"]
[Date "2017.07.23"]
[Round "2"]
[White "Schoenmakers, Nico"]
[Black "Vlkova, Anezka"]
[Result "1/2-1/2"]
[ECO "B72"]
[WhiteElo "1808"]
[BlackElo "1828"]
[Annotator "Koller,Martin"]
[PlyCount "126"]
[TimeControl "240+2"]

{279MB} 1. e4 c5 2. Nf3 d6 3. d4 cxd4 4. Nxd4 Nf6 5. Nc3 g6 6. Be3 Bg7 7. Bc4
O-O 8. Bb3 Ng4 9. Qd2 Nxe3 10. Qxe3 Bd7 11. O-O Nc6 12. Nxc6 Bxc6 13. Rab1 b5
14. Ne2 a5 15. c3 Qc7 16. Nd4 a4 17. Bd1 a3 18. b3 Bd7 19. Be2 Rfc8 20. c4 Qc5
21. Rfd1 bxc4 22. Bxc4 Bxd4 23. Rxd4 Bb5 24. Qd2 Bxc4 25. Rxc4 Qe5 26. Rbc1
Rxc4 27. Rxc4 Qa1+ 28. Rc1 Qe5 29. f3 Rd8 30. Rc2 Qb5 31. Qd5 Qb6+ 32. Kf1 e6
33. Qc6 Qd4 34. Qc3 Qb6 35. Qc7 Qa6+ 36. Ke1 Ra8 37. Qc6 Qa5+ 38. Qc3 Qb6 39.
Kf1 d5 40. Qc6 Qd8 41. exd5 exd5 42. Rd2 Rc8 43. Rxd5 Qf8 44. Qd7 Rc1+ 45. Rd1
Rc2 46. Rd2 Qc5 47. Qd8+ Kg7 48. Qd3 Rc3 49. Qe2 Re3 50. Qc4 Qxc4+ 51. bxc4 Rc3
52. Ke2 Rxc4 53. Kd3 Rc7 54. Rc2 Rb7 55. Kc3 h5 56. Kd2 g5 57. Kc1 Re7 58. Kd1
Rb7 59. h3 h4 60. Kc1 Re7 61. Kd1 Rb7 62. Kc1 Re7 63. Kd1 Rb7 1/2-1/2

[Event "International chess holiday K21"]
[Site "?"]
[Date "2017.07.23"]
[Round "2"]
[White "Zacek, Petr"]
[Black "Sittinger, Lutz"]
[Result "0-1"]
[ECO "E68"]
[WhiteElo "1939"]
[BlackElo "1867"]
[Annotator "Koller,Martin"]
[PlyCount "112"]
[TimeControl "240+2"]

{279MB} 1. d4 Nf6 2. Nf3 g6 3. g3 Bg7 4. Bg2 d6 5. c4 O-O 6. O-O Nbd7 7. Nc3 c6
8. e4 e5 9. dxe5 Nxe5 10. Nxe5 dxe5 11. h3 Qxd1 12. Rxd1 Be6 13. b3 Rad8 14.
Be3 b6 15. Rac1 Rfe8 16. c5 b5 17. f4 Nh5 18. Kf2 Rxd1 19. Nxd1 Rd8 20. Nc3 Rd3
21. Ne2 Bh6 22. Bf1 Nxg3 23. Nxg3 Rxe3 24. f5 gxf5 25. exf5 Bd5 26. Re1 Rf3+
27. Kg2 Be3 28. h4 Bf4 29. Ne4 Rc3 30. Kf2 Rc2+ 31. Kf3 Rxa2 32. Kg4 Bxe4 33.
Rxe4 Rf2 34. Bd3 Kg7 35. Re1 Rg2+ 36. Kh5 Kf6 37. Be4 Rg3 38. Bxc6 Rxb3 39. Bd7
b4 40. c6 Rc3 41. Ra1 Be3 42. Ra6 Bb6 43. Ra1 b3 44. Rb1 Bc7 45. Kh6 Rh3 46.
Kxh7 Rxh4+ 47. Kg8 Rg4+ 48. Kh7 Rg3 49. Rh1 b2 50. Rh6+ Ke7 51. f6+ Kf8 52. Rh1
Rb3 53. Bf5 Rb4 54. Kh8 Bb6 55. Re1 Rh4+ 56. Bh7 Bd8 0-1

[Event "International chess holiday K21"]
[Site "?"]
[Date "2017.07.23"]
[Round "2"]
[White "Rull, Michael"]
[Black "Moerling, Joakim"]
[Result "0-1"]
[ECO "D02"]
[WhiteElo "1805"]
[BlackElo "2000"]
[Annotator "Koller,Martin"]
[PlyCount "65"]
[TimeControl "240+2"]

{279MB} 1. d4 d5 2. Bf4 Nf6 3. e3 e6 4. c3 c5 5. Nd2 Nc6 6. Ngf3 Bd6 7. Bg3 O-O
8. Bd3 b6 9. e4 dxe4 10. Nxe4 Nxe4 11. Bxe4 Bb7 12. dxc5 Bxc5 13. b4 Be7 14.
Nd4 Rc8 15. O-O Bf6 16. Nb5 Qe7 17. Bd6 Qe8 18. Bxf8 Qxf8 19. Qd7 Ba8 20. Qd3
g6 21. Bxc6 Rxc6 22. Rfd1 a6 23. Nd4 Rd6 24. Qxa6 Rd5 25. Rd3 Rh5 26. Rad1 Be4
27. Rh3 Rxh3 28. gxh3 e5 29. Nb5 Bf3 30. Rd6 Qh6 31. Qxb6 Qg5+ 32. Kf1 Qg2+ 33.
Ke1 0-1